[Event "44th Chess Olympiad Women 2022"]
[Site "Chennai"]
[Date "2022.08.07"]
[Round "9.68"]
[White "Sharku, Enesa"]
[Black "Alhasan, Zainah"]
[Result "1-0"]
[WhiteElo "1094"]
[BlackElo "1095"]
[Annotator "NA RC"]
[PlyCount "99"]
[EventDate "2022.??.??"]
[TimeControl "60"]

1. e4 e5 2. Nf3 Nc6 3. d4 f6 4. d5 Nb8 5. Bc4 c6 6. Nc3 d6 7. h3 c5 8. O-O a6 9. a3 Be7 10. Be3 f5 11. exf5 Bxf5 12. Bd3 Bxd3 13. Qxd3 Nf6 14. Rad1 O-O 15. Ng5 h6 16. Ne6 Qb6 17. Nxf8 Bxf8 18. b4 Qc7 19. f4 Nbd7 20. Rf3 Re8 21. Ne4 Nxe4 22. Qxe4 Nf6 23. Qg6 Qf7 24. Qxf7+ Kxf7 25. c4 e4 26. Rf2 b6 27. Rb1 Nd7 28.
a4 Rc8 29. g4 Kg8 30. h4 Be7 31. g5 h5 32. Re2 Re8 33. Kf1 Bd8 34. Ra2 Bc7 35. Ke2 Bb8 36. a5 b5 37. cxb5 axb5 38. bxc5 Nxc5 39. Bxc5 dxc5 40. Rxb5 Bxf4 41. Rxc5 Rf8 42. Ra1 Bg3 43. Rf1 Rb8 44. g6 Bxh4 45. a6 Bg5 46. Rb1 Rf8 47. a7 Ra8 48. Rb8+ Rxb8 49. axb8=Q+ Bd8 50. Qxd8# 1-0

[Event "44th Chess Olympiad Women 2022"]
[Site "Chennai"]
[Date "2022.08.07"]
[Round "9.69"]
[White "Estur, Grace Co"]
[Black "Callender, Jessica"]
[Result "1-0"]
[WhiteElo "1472"]
[BlackElo "1295"]
[Annotator "NA"]
[PlyCount "105"]
[EventDate "2022.??.??"]
[TimeControl "60"]

1. d4 Nf6 2. b3 g6 3. Bb2 Bg7 4. Nd2 d6 5. e3 O-O 6. Bd3 Nc6 7. Ngf3 Nd7 8.
O-O e5 9. dxe5 dxe5 10. Bb5 f5 11. Bxc6 bxc6 12. Qe2 e4 13.
Qc4+ Kh8 14. Bxg7+ Kxg7 15. Nd4 Ne5 16. Qc3 Kg8 17. Rad1 Qf6 18.
f3 Ba6 19. Rf2 exf3 20. N2xf3 Nd7 21. Qa5 c5 22. Nb5 Bxb5 23. Qxb5 c6 24. Qc4+ Qf7 25. Rxd7 Qxc4 26. bxc4 Rf7 27. Rxf7 Kxf7 28. Ne5+ Kg7 29. Nxc6 a5 30. a4 Ra6 31. Ne5 Re6 32. Nd3 Rxe3 33. Rf3 Re4 34. Rf4 Re2 35. Nxc5 Rxc2 36. Nb7 Ra2 37. c5 Rc2 38. Rd4 Kf6 39. Rd7 h5 40. Rc7 f4 41. c6 g5 42. Rc8 g4 43.
Nxa5 Rc1+ 44. Kf2 Rc2+ 45. Ke1 Rxg2 46. c7 Rc2 47. Rf8+ Kg7 48.
c8=Q Rxc8 49. Rxc8 g3 50. hxg3 fxg3 51. Kf1 h4 52. Kg2 Kg6 53. Rc5 1-0

[Event "44th Chess Olympiad Women 2022"]
[Site "Chennai"]
[Date "2022.08.07"]
[Round "9.69"]
[White "Ollet, Myra"]
[Black "Lam, Pooja"]
[Result "1-0"]
[WhiteElo "1480"]
[BlackElo "1163"]
[Annotator "NA RC"]
[PlyCount "89"]
[EventDate "2022.??.??"]
[TimeControl "60"]

1. d4 d5 2. Bf4 Nf6 3. Nc3 c5 4. e3 cxd4 5. exd4 Nc6 6. Nb5 Qa5+ 7. c3 e5 8. dxe5 Ne4 9. Qxd5 Bf5 10. Bc4 Bg6 11. Rd1 Rd8 12. Nd6+ Bxd6 13. exd6 Qxd5 14. Bxd5 Nf6 15. Bxc6+ bxc6 16.
Nf3 Nh5 17. Bg5 f6 18. Bh4 Bf7 19. O-O O-O 20. a3 Bd5 21. Nd4 Rxd6 22. f3 Rb8 23. Rd2 Rdd8 24. g4 g5 25. Bxg5 fxg5 26. gxh5 Bc4 27. Rff2 Rbc8 28. Nf5 Rxd2 29. Rxd2 Rf8 30. Ne7+ Kh8 31. h6 c5 32. Kg2 a5 33. Kg3 Be6 34. Rd6 Bc8 35. b4 cxb4 36. axb4 axb4 37. cxb4 Bg4 38. Kxg4 Rf4+ 39. Kxg5 Rg4+ 40. Kf5 Rf4+ 41.
Ke6 Rf6+ 42. Ke5 Re6+ 43. Kf4 Re4+ 44. Kg5 Rg4+ 45. Kf6 1-0

[Event "44th Chess Olympiad Women 2022"]
[Site "Chennai"]
[Date "2022.08.07"]
[Round "9.69"]
[White "Shariff, Sasha Christina"]
[Black "Nacario, Ruth"]
[Result "1/2-1/2"]
[WhiteElo "1183"]
[BlackElo "1552"]
[Annotator "NA RC"]
[PlyCount "153"]
[EventDate "2022.??.??"]
[TimeControl "60"]

1. e4 c5 2. Nf3 d6 3. d4 cxd4 4. Nxd4 Nf6 5. Nc3 g6 6. f3 Bg7 7. Be3 O-O 8. Qd2 Re8 9. O-O-O Nc6 10. Bb5 Bd7 11. Nd5 Nxd5 12. exd5 Nxd4 13. Bxd7 Qxd7 14. Bxd4 f6 15. Rhe1 a5 16. g4 b5 17. Re3 a4 18. g5 Qf5 19. h4 Qxd5 20. Bc3 Qxa2 21. Qd5+ Qxd5 22. Rxd5 f5 23. Bxg7 Kxg7 24. Rxb5 Kf7 25. f4 Ra7 26. Rd5 Rea8 27. Rdd3 Ke8 28. Rh3 Kd7 29. Kb1 Rb8 30. Ka2 Rab7 31. b3 Ra8 32. Kb2 a3+ 33. Ka2 Rc7 34. Rc3 Rb7 35. h5 Rb4 36. Rcf3 Rd4 37. hxg6 hxg6 38. Rh6 Rd2 39. Rc3 Rf2 40. Rh4 d5 41. b4 d4 42. Rc4 d3 43. Rd4+ Kc6 44. Rxd3 Rxc2+ 45. Ka1 a2 46. Rh1 Rb8 47. Ra3 Rxb4 48. Rxa2 Rxa2+ 49. Kxa2 Kd5 50. Re1 Rb7 51. Re5+ Kd6 52. Ra5 Kc6 53. Ra6+ Rb6 54. Ra7 Kd6 55. Ra8 Kd7 56. Ra7+ Ke6 57. Ra8 Rb7 58. Rf8 Kd5 59. Rg8 Rb6 60. Ra8 Ke4 61. Ra4+ Kd3 62. Ra7 e6 63. Rg7 Kc2 64. Rc7+ Kd3 65. Rg7 Kc2 66. Rc7+ Kd3 67. Rg7 Ra6+ 68. Kb3 Rb6+ 69. Ka4 Kc4 70. Rc7+ Kd5 71. Ka5 Rb2 72. Rg7 Kc5 73. Rc7+ Kd5 74. Rg7 Kc5 75. Rc7+ Kd5 76. Rg7 Kc5 77. Rc7+ 1/2-1/2

[Event "44th Chess Olympiad Women 2022"]
[Site "Chennai"]
[Date "2022.08.07"]
[Round "9.70"]
[White "Inthavong, Maly"]
[Black "Jambo, Linda"]
[Result "0-1"]
[WhiteElo "1231"]
[BlackElo "1426"]
[Annotator "NA"]
[PlyCount "134"]
[EventDate "2022.??.??"]
[TimeControl "60"]

1. e4 e5 2. Bc4 Nf6 3. d3 Nc6 4. c3 Be7 5. a3 O-O 6. Ne2 d5 7. exd5 Nxd5 8. O-O a6 9. f4 Bc5+ 10. Kh1 Ne3 11. Bxe3 Bxe3 12. fxe5 Nxe5 13. Qb3 Nxc4 14. Qxc4 Bh6 15. d4 b5 16. Qd3 Bb7 17. Nd2 c5 18. Nf3 Bxf3 19. Qxf3 cxd4 20. Nxd4 g6 21. Rad1 Qg5 22. Nc6 Qe3 23. Qg4 Rae8 24. Nd4 Bg7 25. Nf3 Qe2 26. Rb1 h5 27. Qd7 Re7 28. Qd6 Qe6 29. Qc5 Rfe8 30. h3 Qc8 31. Qd5 Qe6 32. Qc5 Qc8 33. Qb4 Bf8 34. Qb3 Bg7 35. Ng5 Qd7 36. Rbd1 Qb7 37. Nf3 Re2 38. Rde1 Rxe1 39. Nxe1 Re2 40. Nf3 Qe7 41. Rb1 Qe4 42. Qd1 Qc2 43. Qf1 Rf2 44. Qg1 Bf8 45. Nd4 Qd2 46. Nf3 Qc2 47. Nd4 Qd2 48. Nc6 Bc5 49. b4 Be3 50. Rc1 Qxc1 51. Ne7+ Kf8 52. Nd5 Qxg1+ 53. Kxg1 Ba7 54. Nc7 Rc2+ 55. Kf1 Rxc3 56. Nxa6 Rxa3 57. Nc7 Rb3 58. Nxb5 Bb8 59. Nd4 Rxb4 60. Nc6 Rb1+ 61. Kf2 Bc7 62. Kf3 f5 63. Nd4 Kf7 64. h4 Rb4 65. Nc2 Rxh4 66. Ne3 Ke6 67. Nc4 Rxc4 0-1

[Event "44th Chess Olympiad Women 2022"]
[Site "Chennai"]
[Date "2022.08.07"]
[Round "9.71"]
[White "Spinola, Divania"]
[Black "Magne Kouokam Sylviane"]
[Result "1-0"]
[WhiteElo "1425"]
[BlackElo "1317"]
[Annotator "NA"]
[PlyCount "169"]
[EventDate "2022.??.??"]
[TimeControl "60"]

1. Nf3 d5 2. d4 Bf5 3. e3 Nf6 4. Be2 g6 5. O-O Bg7 6. Bd2 Nc6 7. a3 a5 8. Bb5 Ne4 9. Bxc6+ bxc6 10. Bc3 O-O 11. a4 Qd6 12. Re1 Rfb8 13.
b3 Bg4 14. h3 Be6 15. Qe2 Qd7 16. Bb2 c5 17. Ra2 Rb4 18. Rd1 Rab8 19. Ba3 R4b6 20. dxc5 Rc6 21. Qe1 Nxc5 22. Qxa5 Ne4 23. Nd4 Bxd4 24. Rxd4 Qc8 25. Bxe7 Ra6 26. Qe1 c5 27. Rd1 Qc7 28. Bh4 Qd7 29. f3 Nd6 30. Nc3 Nf5 31. Bg3 Rba8 32. Ne4 Qe7 33. Nc3 Nxe3 34. Qxe3 d4 35. Qe5 dxc3 36. Qxc3 f6 37. Bh4 Bf5 38. Qc4+ Re6 39. Re1 Kg7 40. Rxe6 Bxe6 41. Qc3 g5 42. Bxg5 Kg6 43. Bxf6 Qxf6 44. Qxf6+ Kxf6 45. Ra3 Rd8 46. c4 Rd1+ 47. Kf2 Ke5 48. a5 Bf5 49. Ke2 Rd8 50. Kf2 Kd4 51. a6 Ra8 52. g4 Bc8 53. a7 Bb7 54. f4 Re8 55.
Ra5 Ba8 56. f5 Re3 57. Ra6 Rxh3 58. Rd6+ Kc3 59. Rd8 Rf3+ 60. Kg2 Rd3+ 61. Rxa8 Kxb3 62. Rb8+ Kxc4 63. a8=Q Rd2+ 64. Kg3 Rd3+ 65.
Kh4 Kc3 66. Qa3+ Kd2 67. Rb2+ Ke3 68. Qxc5+ Rd4 69. Qxd4+ Kxd4 70. f6 Kc3 71. Rb6 h5 72. f7 Kd3 73. Rg6 hxg4 74. f8=Q Ke4 75. Qe8+ Kf5 76. Qf7+ Ke4 77. Re6+ Kd5 78. Qd7+ Kc5 79. Qd6+ Kc4 80. Kg3 Kc3 81. Re3+ Kc4 82. Kf4 Kb5 83. Rc3 g3 84. Kxg3 Ka5 85. Rb3 1-0

[Event "44th Chess Olympiad Women 2022"]
[Site "Chennai"]
[Date "2022.08.07"]
[Round "9.71"]
[White "Tchouateu Tankeu Stephanie"]
[Black "Martins, Katlene Jussara"]
[Result "1-0"]
[WhiteElo "1280"]
[BlackElo "1287"]
[Annotator "NA RC"]
[PlyCount "93"]
[EventDate "2022.??.??"]
[TimeControl "60"]

1. d4 Nc6 2. c4 e6 3. Nc3 Nf6 4. Nf3 Bb4 5. e3 Bxc3+ 6. bxc3 O-O 7. Bd3 d5 8. c5 Qe8 9. Bb5 Bd7 10. O-O a6 11. Bxc6 Bxc6 12. Ne5 Bb5 13.
Re1 Ba4 14. Qf3 Bc2 15. Ba3 Be4 16. Qe2 c6 17. Ng4 Nh5 18.
f3 f5 19. Nf2 Qg6 20. fxe4 f4 21. Qg4 fxe3 22. Rxe3 Rf4 23. Qxg6 hxg6 24. Nh3 Rg4 25. e5 Rf8 26. Rf1 Nf4 27. Nxf4 Rgxf4 28. Rxf4 Rxf4 29. Bc1 b5 30. cxb6 Rf8 31. Ba3 Rb8 32. Bc5 Kf7 33. Rf3+ Kg8 34. Rf8+ Rxf8 35. Bxf8 Kxf8 36. b7 Kg8 37. b8=Q+ Kh7 38. Qb6 g5 39. Qxa6 Kg6 40. Qe2 Kf7 41. a4 Ke7 42. Qa6 g6 43. Qb7+ Kf8 44. a5 Kg8 45. a6 g4 46. a7 g5 47. a8=Q# 1-0

[Event "44th Chess Olympiad Women 2022"]
[Site "Chennai"]
[Date "2022.08.07"]
[Round "9.78"]
[White "Alvarado Perez, Coralys M."]
[Black "Prasad, Tanvi"]
[Result "1-0"]
[WhiteElo "1471"]
[BlackElo "1165"]
[Annotator "NA RC"]
[PlyCount "51"]
[EventDate "2022.??.??"]
[TimeControl "60"]

1. e4 e5 2. d4 exd4 3. Qxd4 Nc6 4. Qe3 Nf6 5. Nc3 Bb4 6.
Bd2 d6 7. O-O-O O-O 8. f3 Be6 9. a3 Bc5 10. Qe1 h6 11. g4 Nh7 12. h4 Ne5 13. Qg3 Qe7 14. g5 h5 15. f4 Ng4 16. Nh3 f5 17. Bd3 g6 18.
exf5 Bxf5 19. Bc4+ Kh8 20. Rhe1 Qd7 21. Nb5 a6 22. Bc3+ Nhf6 23. gxf6 axb5 24. Re7 Qd8 25. Ng5 bxc4 26. f7+ 1-0

[Event "44th Chess Olympiad Women 2022"]
[Site "Chennai"]
[Date "2022.08.07"]
[Round "9.78"]
[White "Lyons, Kieran"]
[Black "Rivera Negron Yanira"]
[Result "0-1"]
[WhiteElo "1767"]
[BlackElo "1770"]
[Annotator "NA"]
[PlyCount "86"]
[EventDate "2022.??.??"]
[TimeControl "60"]

1. e4 e6 2. d4 d5 3. exd5 exd5 4. Nf3 Nf6 5. Nc3 c6 6. Bg5 Be7 7. Bd3 Bg4 8. O-O Nbd7 9. Re1 O-O 10. h3 Bh5 11. g4 Bg6 12. Nh4 Bxd3 13.
Qxd3 g6 14. Nf3 Re8 15. Re2 Qc7 16. Rae1 Bb4 17. Rxe8+ Rxe8 18. Rxe8+ Nxe8 19. Qe3 Ng7 20. Bh6 Ne6 21. h4 Nf6 22. Ne5 Bd6 23. g5 Bxe5 24. gxf6 Bxf6 25. Ne2 Bxh4 26. Nf4 Qe7 27. Qe5 Bf6 28. Qb8+ Nd8 29. c3 a6 30. Nh3 Bg7 31. Bg5 f6 32. Bf4 Kf7 33. Bd6 Qd7 34. Kg2 Bh6 35. f3 Bc1 36. Ba3 g5 37. Nf2 Bf4 38.
Qa7 h5 39. Nd3 Bd6 40. Nc5 Qc7 41. Kf2 h4 42. Kg2 Kg6 43. b4 Bh2 0-1

[Event "44th Chess Olympiad Women 2022"]
[Site "Chennai"]
[Date "2022.08.07"]
[Round "9.78"]
[White "Terubea, Cydel"]
[Black "Comas Colon, Rinelly M."]
[Result "0-1"]
[WhiteElo "1450"]
[BlackElo "1585"]
[Annotator "NA"]
[PlyCount "107"]
[EventDate "2022.??.??"]
[TimeControl "60"]

1. e4 g6 2. d4 Bg7 3. Nf3 d6 4. h3 Nf6 5. Bd3 O-O 6. O-O Nbd7 7. Nc3 c5 8.
Be3 b6 9. Qd2 Bb7 10. Bh6 cxd4 11. Nxd4 Ne5 12. Bxg7 Kxg7 13. f4 Nc6 14. Nf3 e6 15. Qf2 h6 16. g4 Rc8 17. Kh2 Nb8 18. Rg1 Nbd7 19. g5 hxg5 20.
Rxg5 Rc5 21. Rag1 Rxg5 22. Rxg5 Nc5 23. Nd2 Rh8 24. f5 Nxd3 25. cxd3 Rh6 26. fxe6 fxe6 27. Rg3 Qd7 28. Nf3 e5 29. Nh4 Rxh4 30. Rxg6+ Kxg6 31. Qxh4 Qh7 32. Qg3+ Kf7 33. Nb5 Ke7 34. Qg5 Bc8 35. h4 a6 36. Nxd6 Kxd6 37. Qxf6+ Be6 38. Qf2 Kc7 39. Qf6 Kd6 40. Qf2 Ke7 41. Qg3 Qh5 42. Qg5+ Qxg5 43. hxg5 Kf7 44. a3 Kg6 45. Kg3 Bb3 46. Kf3 Kxg5 47. Ke3 Kf6 48. Kd2 Bf7 49. Kc3 Ke6 50. a4 Kd6 51. Kb4 Kc6 52. Kc3 a5 53. b4 Bg8 54. b5+ 0-1

[Event "44th Chess Olympiad Women 2022"]
[Site "Chennai"]
[Date "2022.08.07"]
[Round "9.78"]
[White "Vega Jimenez, Keyshla M."]
[Black "Sewak, Aarti"]
[Result "1-0"]
[WhiteElo "1653"]
[BlackElo "1412"]
[Annotator "NA RC"]
[PlyCount "133"]
[EventDate "2022.??.??"]
[TimeControl "60"]

1. e4 e5 2. Nf3 Nc6 3. Nc3 Nf6 4. d4 Bb4 5. d5 Ne7 6. Bd2 d6 7. Bd3 Bg4 8. Qe2 a6 9. O-O h6 10. a3 Ba5 11. b4 Bb6 12. Nd1 Ng6 13.
h3 Bd7 14. c4 Qc8 15. Kh2 c6 16. Rc1 c5 17. Nb2 Nh5 18. Qd1 Bxh3 19. gxh3 Nhf4 20. Bxf4 Nxf4 21. Ng1 cxb4 22. axb4 Bd4 23. Rc2 h5 24. c5 Rh6 25. cxd6 Qd8 26. Ne2 Qh4 27. Nxf4 Qxf4+ 28. Kh1 Rd8 29. Nc4 b5 30. Ne3 Bxe3 31. fxe3 Qxe3 32. Qf3 Qxf3+ 33. Rxf3 Rhxd6 34. Be2 g6 35. Rfc3 Ke7 36. Kg2 R8d7 37. Kg3 Rf6 38. Rc6 Rdd6 39. Rxd6 Rxd6 40. Rc7+ Ke8 41. Kh4 Rf6 42. Kg3 Kd8 43. Rb7 Kc8 44. Re7 Kd8 45. Rxe5 Kd7 46. Rg5 Ke7 47. e5 Rb6 48. Kf3 Rb8 49. Ke3 Rc8 50. Kd2 Rd8 51. Bf3 Rd7 52. Rg1 Rd8 53. Ra1 f6 54. Rxa6 fxe5 55. Rxg6 Rd6 56. Rg5 Rf6 57. Rxe5+ Kd7 58. Ke3 Ra6 59. Kf4 Ra3 60. Bxh5 Rb3 61. Re3 Rxb4+ 62. Re4 Rb2 63. Ke5 Ra2 64. Bg4+ Kc7 65. d6+ Kc6 66. Rd4 Ra8 67. Bf3+ 1-0

[Event "44th Chess Olympiad Women 2022"]
[Site "Chennai"]
[Date "2022.08.08"]
[Round "10.1"]
[White "Assaubayeva, Bibisara"]
[Black "Vaishali R"]
[Result "1/2-1/2"]
[WhiteElo "2436"]
[BlackElo "2442"]
[Annotator "RC"]
[PlyCount "100"]
[EventDate "2022.??.??"]
[TimeControl "60"]

1. d4 Nf6 2. c4 g6 3. Nc3 d5 4. cxd5 Nxd5 5. Bd2 c5 6. dxc5 Bg7 7. Qa4+ Bd7 8. Qb3 Be6 9. Qxb7 O-O 10. Qxa8 Qd7 11. e4 Nb4 12. Bb5 N8c6 13. Qxf8+ Kxf8 14. Rd1 a6 15. Bh6 Qc8 16. Bxg7+ Kxg7 17. Bxc6 Qxc6 18. Nge2 Bc4 19. O-O Nxa2 20. Rfe1 Nb4 21. Rd2 Qxc5 22. Red1 h5 23. h4 Nc6 24. Nd5 Ne5 25. Ne3 Bxe2 26. Rxe2 e6 27. Ra1 Qb5 28. Kf1 Nd3 29. g3 Nc5 30. f3 a5 31. Rd1 Nd3 32. Ra1 a4 33.
Nd1 Qc4 34. Ne3 Qb5 35. Nd1 Qc4 36. Ne3 Qb4 37. Nd1 Kh7 38.
Kg2 Ne1+ 39. Kf2 Nd3+ 40. Kg2 Qc4 41. Nc3 Nxb2 42. Rxb2 Qxc3 43. Rba2 Qe3 44. Rf2 Qb3 45. f4 Qc4 46. e5 Qe4+ 47. Kh2 Qd4 48.
Rfa2 Qe4 49. Rxa4 Qe2+ 50. Kh3 Qg4+ 1/2-1/2

[Event "44th Chess Olympiad Women 2022"]
[Site "Chennai"]
[Date "2022.08.08"]
[Round "10.1"]
[White "Koneru, Humpy"]
[Black "Abdumalik, Zhansaya"]
[Result "1-0"]
[WhiteElo "2586"]
[BlackElo "2495"]
[Annotator "RC"]
[PlyCount "111"]
[EventDate "2022.??.??"]
[TimeControl "60"]

1. d4 Nf6 2. c4 e6 3. Nf3 d5 4. Nc3 c6 5. e3 Nbd7 6. Bd3 dxc4 7. Bxc4 b5 8.
Bb3 Bb7 9. O-O a6 10. e4 b4 11. Na4 Nxe4 12. Re1 Nef6 13. Ng5 Be7 14. Bxe6 O-O 15. Qe2 Nd5 16. Bxd5 Bxg5 17. Bxg5 Qxg5 18. Bf3 Rad8 19. Rad1 Nf6 20. Qe5 Qg6 21. Nc5 Bc8 22. Bxc6 Ng4 23. Qc7 Qc2 24. Qf4 Qxb2 25. d5 Qc2 26. Ne4 Qxa2 27. d6 Be6 28. h3 Nh6 29. Nc5 Qc2 30.
Qxb4 Rb8 31. Bb7 Qg6 32. d7 Bxh3 33. Qe4 Qb6 34. Qc6 Qxc6 35.
Bxc6 Be6 36. Nxa6 Rbd8 37. Nc5 Ng4 38. Nxe6 fxe6 39. Rxe6 Nf6 40. f3 h5 41. Re7 Rf7 42. Re8+ Rf8 43. Rde1 Rxd7 44. Bxd7 Nxd7 45. Kf2 Rxe8 46. Rxe8+ Kf7 47. Ra8 Nf6 48. Ra5 Kg6 49. Kg3 Kh6 50. Kf4 Nh7 51. Ke5 Kg6 52. Ra6+ Nf6 53. Kf4 h4 54. Rc6 Kh5 55. Rxf6 gxf6 56. Kf5 1-0

[Event "44th Chess Olympiad Women 2022"]
[Site "Chennai"]
[Date "2022.08.08"]
[Round "10.1"]
[White "Nakhbayeva, Guliskhan"]
[Black "Kulkarni Bhakti"]
[Result "0-1"]
[WhiteElo "2329"]
[BlackElo "2373"]
[Annotator "RC"]
[PlyCount "94"]
[EventDate "2022.??.??"]
[TimeControl "60"]

1. d4 Nf6 2. c4 g6 3. Nc3 Bg7 4. e4 d6 5. Bd3 O-O 6. Nge2 Nc6 7. O-O e5 8. d5 Ne7 9. Rb1 c5 10. h3 Nh5 11. Bg5 h6 12. Be3 f5 13. exf5 gxf5 14. Ng3 Nf6 15.
f4 e4 16. Be2 Kh8 17. Nh5 Nxh5 18. Bxh5 Ng8 19. Ne2 Qh4 20. Nc3 Bxc3 21. bxc3 Nf6 22. Be2 Rg8 23. Kh1 Qg3 24. Bf3 exf3 25. Qxf3 Qxf3 26. gxf3 b6 27. Bf2 Ba6 28. Bh4 Nh5 29. Rfe1 Rae8 30. Be7 Bxc4 31. Bxd6 Bxd5 32. Rxe8 Bxf3+ 33. Kh2 Rxe8 34. Be5+ Kg8 35.
Rf1 Be2 36. Rf2 Bd3 37. Rd2 c4 38. a4 Kf7 39. a5 b5 40. a6 Re6 41. Ra2 Rg6 42. Bb8 Ng3 43. Kg2 Ne4+ 44. Kh2 Nxc3 45. Ra1 Ne2 46. Bxa7 Be4 47. h4 Rg2+ 0-1

[Event "44th Chess Olympiad Women 2022"]
[Site "Chennai"]
[Date "2022.08.08"]
[Round "10.1"]
[White "Tania, Sachdev"]
[Black "Balabayeva, Xeniya"]
[Result "1-0"]
[WhiteElo "2399"]
[BlackElo "2198"]
[Annotator "RC"]
[PlyCount "61"]
[EventDate "2022.??.??"]
[TimeControl "60"]

1. d4 Nf6 2. c4 e6 3. Nf3 d5 4. Nc3 dxc4 5. Bg5 a6 6. e4 b5 7. e5 h6 8. Bh4 g5 9. Nxg5 hxg5 10. Bxg5 Nbd7 11. a4 Rb8 12. axb5 axb5 13. Be2 Be7 14. exf6 Nxf6 15. Bf3 b4 16. Na4 Bd7 17. O-O Bb5 18. Re1 Qd6 19. g3 Rd8 20. Be3 Nd5 21. Nc5 Qc6 22. Qc1 Ra8 23. Rxa8+ Qxa8 24. Bg5 Qd8 25. Nxe6 fxe6 26. Rxe6 Kf7 27. Bxd5 Qxd5 28. Rxe7+ Kg6 29. Re5 Qf3 30. Rxb5 Rh5 31. h4 1-0

[Event "44th Chess Olympiad Women 2022"]
[Site "Chennai"]
[Date "2022.08.08"]
[Round "10.2"]
[White "Dzagnidze, Nana"]
[Black "Kashlinskaya, Alina"]
[Result "1/2-1/2"]
[WhiteElo "2531"]
[BlackElo "2505"]
[Annotator "RC"]
[PlyCount "94"]
[EventDate "2022.??.??"]
[TimeControl "60"]

1. d4 Nf6 2. c4 e6 3. Nf3 d5 4. Nc3 Bb4 5. Qa4+ Nc6 6. a3 Bxc3+ 7. bxc3 Bd7 8.
Qc2 dxc4 9. e4 Na5 10. Bg5 h6 11. Bh4 g5 12. Bg3 Bc6 13. Nd2 Nb3 14. Nxb3 cxb3 15. Qxb3 Nxe4 16. Be5 O-O 17. f3 Nd6 18. Bd3 f6 19. Bg3 Kg7 20. O-O Qd7 21. Rfe1 Rae8 22. c4 b6 23. Rac1 Nf5 24. Bxf5 exf5 25. d5 Ba4 26. Qc3 Rxe1+ 27. Rxe1 f4 28. Bf2 Re8 29. Rxe8 Qxe8 30. c5 Qe5 31. Bd4 Qxd5 32. cxb6 cxb6 33. Bxf6+ Kg6 34. Bd4 Qb3 35. Qxb3 Bxb3 36. Kf2 h5 37. h3 Kf5 38. Ke1 Bc4 39. Kf2 Bd3 40. Ke1 Ke6 41. Kf2 h4 42. Ke1 Kf5 43. Kf2 Ke6 44. Ke1 Bc4 45. Kf2 Bd5 46. Ke1 Kf5 47. Ke2 Bc4+ 1/2-1/2

[Event "44th Chess Olympiad Women 2022"]
[Site "Chennai"]
[Date "2022.08.08"]
[Round "10.2"]
[White "Javakhishvili, Lela"]
[Black "Kiolbasa, Oliwia"]
[Result "1/2-1/2"]
[WhiteElo "2476"]
[BlackElo "2376"]
[Annotator "RC"]
[PlyCount "80"]
[EventDate "2022.??.??"]
[TimeControl "60"]

1. c4 e6 2. g3 d5 3. Bg2 Nf6 4. d4 Be7 5. Nf3 O-O 6. O-O dxc4 7. Qa4 a6 8.
Qxc4 b5 9. Qc2 Bb7 10. Bd2 Be4 11. Qc1 Qc8 12. Bg5 Nbd7 13. Nbd2 Bb7 14. Nb3 c5 15. Bxf6 gxf6 16. dxc5 Nxc5 17. Na5 Bd5 18. Nd4 Bxg2 19. Kxg2 Re8 20. Rd1 Bf8 21. Qe3 e5 22. Ndc6 Qf5 23. Rac1 Ne4 24. Qf3 Qxf3+ 25. Kxf3 f5 26. Rd5 Rac8 27. Nb3 f6 28. Kg2 Nd6 29. Nba5 Nc4 30. Rb1 Re6 31. Nxc4 bxc4 32. Na5 Rb6 33. Rc1 Rb5 34. Rxb5 axb5 35. a3 Ra8 36. Nc6 Ra6 37. Nb8 Rb6 38. Nd7 Rd6 39. Nxf8 Kxf8 40. a4 bxa4 1/2-1/2

[Event "44th Chess Olympiad Women 2022"]
[Site "Chennai"]
[Date "2022.08.08"]
[Round "10.2"]
[White "Malicka, Maria"]
[Black "Melia, Salome"]
[Result "1-0"]
[WhiteElo "2393"]
[BlackElo "2384"]
[Annotator "RC"]
[PlyCount "93"]
[EventDate "2022.??.??"]
[TimeControl "60"]

1. e4 c5 2. Nf3 e6 3. d4 cxd4 4. Nxd4 Nf6 5. Nc3 Nc6 6. Nxc6 bxc6 7. e5 Nd5 8. Ne4 Qc7 9. f4 Qb6 10. c4 Bb4+ 11. Ke2 Ba6 12. Kf3 f5 13.
Nf2 Ne7 14. Be3 Bc5 15. Bxc5 Qxc5 16. Qd6 Qa5 17. h4 c5 18. Be2 Rd8 19. Rhd1 Nc8 20. Qd2 Qc7 21. Kg3 O-O 22. Qe3 d6 23.
b3 dxe5 24. Qxe5 Qxe5 25. fxe5 Nb6 26. Nd3 Rc8 27. Nf4 Kf7 28. Rd6 Rfe8 29. Bf3 Rc7 30. Rad1 Bb7 31. Bxb7 Rxb7 32. Rc6 Nd7 33. Nd3 Reb8 34. Nxc5 Nxc5 35. Rxc5 Ke7 36. Rc6 Rd7 37. Rxd7+ Kxd7 38. Rd6+ Ke7 39. Kf4 Rb7 40. Ke3 g6 41. Kd3 h6 42. c5 g5 43. hxg5 hxg5 44. c6 Rb5 45. Kd4 Rb4+ 46. Kc5 Re4 47. Rd7+ 1-0

[Event "44th Chess Olympiad Women 2022"]
[Site "Chennai"]
[Date "2022.08.08"]
[Round "10.2"]
[White "Socko, Monika"]
[Black "Batsiashvili, Nino"]
[Result "0-1"]
[WhiteElo "2416"]
[BlackElo "2466"]
[Annotator "RC"]
[PlyCount "167"]
[EventDate "2022.??.??"]
[TimeControl "60"]

1. d4 Nf6 2. c4 e6 3. Nf3 c5 4. d5 exd5 5. cxd5 d6 6. Nc3 g6 7. h3 Bg7 8. Bf4 O-O 9. e3 a6 10. a4 Ne8 11. Be2 Nd7 12. O-O Ne5 13. Nd2 f5 14. Bh2 g5 15. f4 gxf4 16. exf4 Ng6 17. Nc4 Bd7 18. a5 Bb5 19. Nb6 Bxe2 20. Qxe2 Rb8 21. Rae1 Nc7 22. Kh1 Rf7 23. g4 Qh4 24. gxf5 Rxf5 25. Qg4 Rbf8 26. Ne4 Nb5 27. Ng5 h5 28. Qxh4 Nxh4 29. Ne6 R8f7 30. Nc8 Rxd5 31. Ng5 Nf5 32. Nxf7 Kxf7 33. Re2 Rd3 34. Rg1 Rxh3 35. Reg2 Bd4 36. Re1 Bf6 37. Rd2 Nbd4 38. Red1 h4 39. Rd3 Rxd3 40. Rxd3 Ke6 41. Rd1 Nb3 42. Re1+ Kf7 43. Rd1 Ke6 44. Re1+ Kd7 45. Nb6+ Kc6 46. Nc4 Nbd4 47. Bg1 Nf3 48. Re6 h3 49. Bh2 Bd4 50. Rg6 N3h4 51. Rg4 Nf3 52. Rg6 Kd5 53. b3 Bc3 54. Bg1 N3h4 55. Rg4 Be1 56. Kh2 Ke4 57. Kxh3 Nf3 58. Rg6 d5 59. Ne5 Nxg1+ 60. Rxg1 Bxa5 61. Nd7 Bb4 62. Nf6+ Kxf4 63. Nxd5+ Ke5 64. Nb6 Nd4 65. Rg7 Nxb3 66. Rxb7 Kd4 67. Kg3 c4 68. Na4 a5 69. Rd7+ Ke4 70. Kf2 c3 71. Nxc3+ Bxc3 72. Ke2 Nd4+ 73. Kd1 Kd3 74. Kc1 Kc4 75. Rb7 Bb4 76. Kb2 Nb5 77. Rh7 Bc5 78. Rh4+ Bd4+ 79. Ka2 Kb4 80. Rg4 a4 81. Rh4 a3 82. Rg4 Nc3+ 83. Ka1 Ne2+ 84. Kb1 0-1

[Event "44th Chess Olympiad Women 2022"]
[Site "Chennai"]
[Date "2022.08.08"]
[Round "10.3"]
[White "Buksa, Nataliya"]
[Black "Schneider, Jana"]
[Result "1/2-1/2"]
[WhiteElo "2401"]
[BlackElo "2342"]
[Annotator "RC"]
[PlyCount "77"]
[EventDate "2022.??.??"]
[TimeControl "60"]

1. e4 e5 2. Nf3 Nc6 3. Bb5 a6 4. Ba4 Nf6 5. O-O Bc5 6. c3 O-O 7. d4 Ba7 8. Re1 d6 9. h3 Bd7 10. Bg5 Qe7 11. d5 Nb8 12. Bxd7 Nbxd7 13. Nbd2 h6 14. Be3 Bxe3 15. fxe3 Nh7 16. Rf1 f5 17. exf5 Rxf5 18. Ne4 Rf7 19. Qd3 Raf8 20. Nfd2 Qh4 21. Rxf7 Rxf7 22. Rf1 Rxf1+ 23. Qxf1 Nhf6 24. g3 Qh5 25. c4 Qg6 26. Qf3 Nxe4 27. Nxe4 Nf6 28. Nxf6+ gxf6 29. e4 Qg5 30. h4 Qc1+ 31. Kh2 Qxc4 32. Kh3 Kg7 33. h5 Qc1 34. Qg4+ Kf8 35. Qc8+ Kg7 36. Qd7+ Kf8 37. Qc8+ Kg7 38. Qg4+ Kf8 39. Qc8+ 1/2-1/2

[Event "44th Chess Olympiad Women 2022"]
[Site "Chennai"]
[Date "2022.08.08"]
[Round "10.3"]
[White "Muzychuk, Anna"]
[Black "Heinemann, Josefine"]
[Result "1/2-1/2"]
[WhiteElo "2529"]
[BlackElo "2321"]
[Annotator "RC"]
[PlyCount "151"]
[EventDate "2022.??.??"]
[TimeControl "60"]

1. e4 e5 2. Nf3 Nc6 3. Bc4 Bc5 4. d3 Nf6 5. Nc3 d6 6. Na4 Bb6 7. a3 O-O 8. c3 Ne7 9. O-O Ng6 10. Re1 h6 11. Nxb6 axb6 12. Bb3 Re8 13.
h3 Be6 14. Bc2 Nh7 15. d4 Qf6 16. Nh2 Rad8 17. Be3 Ng5 18. a4 Nf4 19. Ng4 Bxg4 20. Qxg4 g6 21. h4 Nh7 22. g3 h5 23. Qf3 Ne6 24. Qxf6 Nxf6 25. dxe5 dxe5 26. f3 Ra8 27. Kf2 Kf8 28. Ra3 Ke7 29. Rea1 Red8 30. Ke2 Ne8 31. a5 Rxa5 32. Rxa5 bxa5 33. Rxa5 f6 34. Ra7 Nd6 35. Bb3 Rb8 36. Bd5 Kd7 37. Ra1 Ke7 38. Rg1 Rh8 39. Ra1 Rb8 40. Bb3 Nf7 41. Bc2 Nd6 42. Bd3 b6 43. b4 Rd8 44. Ra7 Nc8 45.
Ra2 Nd6 46. Ra1 Rb8 47. Bf2 Rd8 48. Ra7 Nc8 49. Ra8 Nd6 50.
Rxd8 Kxd8 51. Bc2 Ke7 52. Bb3 Nf8 53. Be3 Ne6 54. Bd5 Kd7 55.
Kd3 Nc8 56. f4 Nd6 57. fxe5 fxe5 58. Bb3 Ke7 59. Ba4 Kf6 60. Bc6 Ke7 61. c4 Nf7 62. c5 bxc5 63. bxc5 Nfd8 64. Ba4 c6 65. Kc4 Kd7 66. Bd1 Nb7 67. g4 hxg4 68. Bxg4 Ke7 69. Bxe6 Kxe6 70. Bg5 Kf7 71. Kb4 Ke6 72. Bh6 Kf7 73. Kc4 Na5+ 74. Kc3 Nb7 75. Kb4 Kf6 76. Bg5+ 1/2-1/2